 Dungeon Crawl Stone Soup version 0.31.0-32-g396128a36d (webtiles) character file.

Game seed: 8934008964440923340

4979 Maxx the Grappler (level 10, -4/91 HPs)
             Began as a Troll Gladiator on Apr 3, 2024.
             Was an Elder of Cheibriados.
             Slain by a tengu warrior
             ... wielding a +3 halberd of venom
              (19 damage)
             ... on level 9 of the Dungeon.
             The game lasted 00:21:08 (6176 turns).

Maxx the Grappler (Troll Gladiator)                 Turns: 6176, Time: 00:21:08

Health: -4/91      AC:  9    Str: 32    XL:     10   Next: 29%
Magic:  6/11       EV: 13    Int: 16    God:    Cheibriados [****..]
Gold:   214        SH:  0    Dex: 24    Spells: 8/12 levels left

rFire   . .          .
                       - Unarmed
rCold   . . .        (no shield)
rNeg    . . .        a - +1 robe
rPois   .            b - +1 hat
rElec   .            y - +2 cloak {rCorr}
rCorr   +            (gloves unavailable)
SInv    .            (boots unavailable)
Will    .....        u - amulet of the acrobat
Stlth   +++          (no ring)
HPRegen 1.15/turn    (no ring)
MPRegen 0.12/turn

%: acrobat, clarity
@: mighty, lethally poisoned (-4 -> -9), very slow
A: large, unfitting armour, claws 3, regeneration 1, shaggy fur 1, tough skin 1,
agile 1, clarity
a: Renounce Religion, Bend Time, Temporal Distortion, Slouch


You were on level 9 of the Dungeon.
You worshipped Cheibriados.
Cheibriados was greatly pleased with you.
You visited 1 branch of the dungeon, and saw 8 of its levels.
You also visited: Sewer.

You collected 461 gold pieces.
You spent 247 gold pieces at shops.

Inventory:

Missiles
 c - a throwing net
 d - 6 boomerangs (quivered)
 q - 3 darts of dispersal
Armour
 a - a +1 robe (worn)
 b - a +1 hat (worn)
 s - a +2 cloak of stealth
 y - a +2 cloak of preservation (worn)
Jewellery
 u - an amulet of the acrobat (around neck)
 v - an amulet of magic regeneration
Talismans
 e - a blade talisman
 f - a beast talisman
Wands
 w - a wand of flame (16)
Scrolls
 l - 2 scrolls of fog
 o - 2 scrolls of blinking
 p - 3 scrolls of teleportation
 t - a scroll of fear
Potions
 g - 2 potions of invisibility {unknown}
 h - a potion of curing
 i - a potion of ambrosia
 j - a potion of cancellation
 k - a potion of mutation
 m - 3 potions of haste
 n - 5 potions of enlightenment
 x - 2 potions of degeneration
 z - a potion of berserk rage {unknown}
 A - a potion of resistance {unknown}
 B - 2 potions of brilliance {unknown}


   Skills:
 * Level 3.6 Fighting
 * Level 4.1 Throwing
 * Level 3.2 Armour
 * Level 5.1 Dodging
 * Level 2.8 Stealth
 * Level 9.2 Unarmed Combat
 * Level 1.6 Spellcasting
 * Level 2.1 Summonings
 * Level 2.2 Invocations
 * Level 2.0 Evocations
 * Level 3.5 Shapeshifting


You had 8 spell levels left.
You knew the following spells:

 Your Spells              Type           Power      Damage    Failure   Level
a - Summon Small Mammal   Summ           32%        N/A       9%          1
b - Call Canine Familiar  Summ           8%         N/A       26%         3

Your spell library contained the following spells:

 Spells                   Type           Power      Damage    Failure   Level
 Necrotise                Necr           4%         1d4       22%         1
 Vampiric Draining        Necr           1%         2d6       54%         3
 Martyr's Knell           Necr/Summ      4%         N/A       80%         4
 Summon Blazeheart Golem  Fire/Summ      4%         N/A       80%         4
 Curse of Agony           Necr           1%         N/A       99%         5


Dungeon Overview and Level Annotations

Branches:
Dungeon (9/15)             Temple (0/1) D:4           Sewer (visited)
   Lair: D:8-11         Orc: D:9-12

Altars:
Ashenzari
Cheibriados
Fedhas
Kikubaaqudgha
Makhleb
Nemelex Xobeh
Uskayaw
Wu Jian
Xom
Zin

Shops:
D:7 [


Innate Abilities, Weirdness & Mutations

You are too large for most types of armour.
You have claws for hands.
Your natural rate of healing is unusually fast.
You are covered in fur. (AC +1)
You have tough skin. (AC +1)
You are agile. (Dex +4, Str/Int -1)
You possess an exceptional clarity of mind.


Message History

There is an open door here.
The bullfrog misses you.
You barely miss the bullfrog. The bullfrog barely misses you.
You claw the bullfrog!
The bullfrog is severely wounded.
The bullfrog barely misses you.
You scratch the bullfrog.
You kill the bullfrog!
Cheibriados appreciates the change of pace.
The tengu warrior hits you from afar with a +3 halberd of venom!
You are poisoned.
Your Evocations skill increases to level 2!
Unknown command.
You feel very mighty all of a sudden.
You feel very sick.
The tengu warrior hits you from afar with a +3 halberd of venom!!
Activating: Slouch (43% risk of failure)
Press: ? - help, Dir - look around, f - activate You can feel time thicken for a moment.
You kill the bullfrog!
Cheibriados thoroughly appreciates the change of pace.
Cheibriados lowers the support of your attributes as your movement quickens.
You feel sick.
The tengu warrior hits you from afar with a +3 halberd of venom!!
Unknown command.
You feel better.
The tengu warrior hits you from afar with a +3 halberd of venom!!
* * * LOW HITPOINT WARNING * * *
You are poisoned.
You feel extremely sick.
The tengu warrior completely misses you.
The tengu warrior pecks you but does no damage.
The tengu warrior claws you.
* * * LOW HITPOINT WARNING * * *
You see here a bullfrog corpse.
You miss the tengu warrior. You claw the tengu warrior!
The tengu warrior is severely wounded.
You feel sick. The tengu warrior slips past you!
The tengu warrior hits you with a +3 halberd of venom!!
You die...

.~8~...~8~..## ##.....##
..~..~..~..~.# ##. .##
~...~8~...~8~# .. ..##
..~..~..~..~.# ..#F..
.~8~...)8~...# .Q..
..~..~..~..~.### ...
~...~8~...†8~..# #.#
..~..)..~..~.#.###D#
.~8~...~8~..##.Q@'o#
..~..~.[~.#....###.#
..(.~8~..#####.# #.# ##
.....~..<......# .F. #.
....)..........# .... #.
...).).........#..#o.. #.
...............#.. ..##### #.
...............##. .##...## ##.
................#####.....#####..


You could see a tengu warrior, a steam dragon and an orc warrior.

Vanquished Creatures
  Maggie (D:7)
  A troll (D:9)
  Grinder (D:3)
  3 wyverns
  A shadow (D:9)
  2 steam dragons
  Pargi (Sewer)
  3 ice beasts
  3 black bears
  3 orc warriors
  3 centaurs
  2 kobold brigands
  4 bullfrogs
  A brain worm (Sewer)
  4 scorpions
  13 wights
  2 electric eels (D:9)
  2 howler monkeys
  2 bombardier beetles
  3 hounds (D:7)
  2 orc priests
  Crazy Yiuf (D:3)
  2 gnoll boudas
  A jelly (D:6)
  2 sleepcaps
  Jessica (D:3)
  An iguana (D:4)
  5 orc wizards
  A gnoll (D:4)
  4 adders
  A shadow imp (D:7)
  A white imp (D:6)
  4 ribbon worms
  6 dart slugs
  20 orcs
  12 ball pythons
  3 endoplasms
  2 giant cockroaches
  11 hobgoblins
  2 quokkas
  4 bats
  4 frilled lizards
  11 goblins
  12 kobolds
  5 rats
173 creatures vanquished.

Vanquished Creatures (collateral kills)
  A ball python (Sewer)
1 creature vanquished.

Vanquished Creatures (others)
  A human (D:8)
  An orc (D:8)
2 creatures vanquished.

Grand Total: 176 creatures vanquished

Notes
Turn   | Place    | Note
-------+----------+-------------------------------------------
     0 | D:1      | Maxx the Troll Gladiator began the quest for the Orb.
     0 | D:1      | Reached XP level 1. HP: 19/19 MP: 0/0
   151 | D:1      | Reached XP level 2. HP: 27/27 MP: 1/1
   690 | D:2      | Reached XP level 3. HP: 33/33 MP: 2/2
  1018 | D:2      | Reached XP level 4. HP: 42/42 MP: 3/3
  1521 | D:3      | Reached skill level 4 in Unarmed Combat
  1551 | D:3      | Found a snail-covered altar of Cheibriados.
  1603 | D:3      | Became a worshipper of Cheibriados the Contemplative
  1706 | D:3      | Found a runed translucent door.
  1707 | D:3      | Noticed Crazy Yiuf
  1715 | D:3      | Killed Crazy Yiuf
  1799 | D:3      | Noticed a scorpion
  1805 | D:3      | Killed a scorpion
  1806 | D:3      | Reached XP level 5. HP: 47/49 MP: 4/4
  1831 | D:3      | Reached skill level 1 in Shapeshifting
  1859 | D:3      | Noticed Grinder
  1864 | D:3      | Paralysed by Grinder for 2 turns
  1875 | D:3      | Paralysed by Grinder for 2 turns
  1890 | D:3      | Killed Grinder
  1891 | D:3      | Reached skill level 1 in Armour
  1891 | D:3      | Reached skill level 5 in Unarmed Combat
  1891 | D:3      | Reached XP level 6. HP: 57/57 MP: 5/5
  1994 | D:3      | Noticed Jessica
  1998 | D:3      | Killed Jessica
  1999 | D:3      | Reached skill level 1 in Stealth
  2113 | D:4      | Reached XP level 7. HP: 65/65 MP: 6/6
  2198 | D:4      | Found an ornate altar of the Wu Jian Council.
  2248 | D:4      | Noticed a steam dragon
  2260 | D:4      | Killed a steam dragon
  2266 | D:4      | Reached skill level 6 in Unarmed Combat
  2272 | D:4      | Reached * piety under Cheibriados
  2317 | D:4      | Found a transporter.
  2331 | D:4      | Noticed a wyvern
  2387 | D:4      | Found a staircase to the Ecumenical Temple.
  2474 | D:4      | Found a broken altar of Ashenzari.
  2474 | D:4      | Found a transporter.
  2533 | D:4      | Found a sparkling altar of Nemelex Xobeh.
  3136 | D:4      | Killed a wyvern
  3137 | D:4      | Reached XP level 8. HP: 57/74 MP: 7/7
  3206 | D:4      | Learned a level 1 spell: Summon Small Mammal
  3210 | D:4      | Learned a level 3 spell: Call Canine Familiar
  3210 | D:4      | Gained mutation: Your health recovers twice as slowly from
                  | being drained. [potion of mutation]
  3211 | D:4      | Lost mutation: Your health recovers twice as slowly from
                  | being drained. [potion of mutation]
  3211 | D:4      | Gained mutation: You possess an exceptional clarity of
                  | mind. [potion of mutation]
  3211 | D:4      | Gained mutation: You are agile. (Dex +4, Str/Int -1)
                  | [potion of mutation]
  3228 | D:4      | You fall into a shaft and drop 2 floors!
  3275 | D:6      | Found a blossoming altar of Fedhas.
  3366 | D:6      | Reached skill level 7 in Unarmed Combat
  3392 | D:6      | Reached ** piety under Cheibriados
  3445 | D:6      | Found a shimmering altar of Xom.
  3471 | D:6      | Found a hide-covered altar of Uskayaw.
  3529 | D:6      | Found a burning altar of Makhleb.
  3558 | D:6      | Found a glowing drain.
  3597 | Sewer    | Entered a sewer
  3686 | Sewer    | Noticed Pargi
  3699 | Sewer    | Killed Pargi
  3838 | D:6      | Reached skill level 1 in Invocations
  4024 | D:6      | Reached skill level 1 in Evocations
  4220 | D:7      | Reached XP level 9. HP: 68/81 MP: 7/9
  4291 | D:7      | Reached skill level 1 in Summonings
  4377 | D:7      | Found Alahitt's Antique Armour Emporium.
  4389 | D:7      | Bought an embroidered cloak for 247 gold pieces
  4411 | D:7      | Noticed Maggie
  4433 | D:7      | HP: 4/81 [Maggie/+1 glaive of venom (17)]
  4438 | D:7      | Killed Maggie
  4589 | D:7      | Reached skill level 8 in Unarmed Combat
  4589 | D:7      | Reached skill level 1 in Spellcasting
  4617 | D:7      | Reached *** piety under Cheibriados
  4911 | D:8      | HP: 2/83 [orc warrior/+0 glaive (15)]
  5537 | D:8      | Found an ancient bone altar of Kikubaaqudgha.
  5793 | D:8      | Reached XP level 10. HP: 78/91 MP: 11/11
  5848 | D:9      | Reached skill level 5 in Dodging
  5848 | D:9      | Reached skill level 9 in Unarmed Combat
  5883 | D:9      | Reached **** piety under Cheibriados
  6062 | D:9      | Found a glowing silver altar of Zin.
  6163 | D:9      | Noticed a tengu warrior
  6176 | D:9      | Slain by a tengu warrior

Illustrated notes

Levels and vault maps discovered:
D:1:      saegor_arrival_simple_d, layout_basic, nicolae_hexahallways
D:2:      layout_loops_cross, minmay_goblin_kobold_house
D:3:      layout_rooms, mainiacjoe_overflow_small_starburst, uniq_jessica,
          uniq_grinder, uniq_crazy_yiuf_cottage
D:4:      kennysheep_spiral_hall, layout_basic, nemelex_altar_shiori,
          gammafunk_temple_overflow_arena, nicolae_wu_jian_immortal_techniques
D:6:      layout_basic, bloody_makhleb, mainiacjoe_overflow_large_starburst,
          fedhas_altar_fruit_tree, cheibrodos_sewer_entry_bend
D:7:      layout_basic, serial_shops, shop, minmay_misc_feat_nine_boxes,
          uniq_maggie
D:8:      layout_basic, tgw_kikubaaqudgha, st_stairs_5,
          nicolae_figureground_sparkle
D:9:      minmay_octagon_keep, layout_cross, mainiacjoe_overflow_alcove_1,
          kennysheep_doodads, minmay_misc_feat_chi, minmay_misc_feat_pillars

Skill      XL: |  1  2  3  4  5  6  7  8  9 10 |
---------------+-------------------------------+-----
Throwing       | 2 3 4 |  4.1
Dodging        | 3 4 5 |  5.1
Unarmed Combat | 4 5 6 7 8 9 |  9.2
Fighting       | 2 3 |  3.6
Shapeshifting  | 1 2 3 |  3.5
Armour         | 1 2 3 |  3.2
Stealth        | 1 2 |  2.8
Invocations    | 1 2 |  2.2
Evocations     | 1 2 |  2.0
Summonings     | 1 2 |  2.1
Spellcasting   | 1 |  1.6

Action                     |  1- 3 |  4- 6 |  7- 9 | 10-12 || total
---------------------------+-------+-------+-------+-------++-------
  Melee: Unarmed           |    73 |    74 |   249 |    35 ||   431
         Punch             |     1 |     1 |    10 |     2 ||    14
  Throw: Large rock        |     1 |     3 |     8 |       ||    12
         Throwing net      |       |     6 |     3 |       ||     9
         Dart              |       |     1 |       |       ||     1
         Boomerang         |       |       |       |    23 ||    23
   Cast: Call Canine Famil |       |       |     1 |       ||     1
 Invoke: Slouch            |       |       |       |     1 ||     1
  Evoke: Wand              |       |       |     2 |     3 ||     5
    Use: Scroll            |     6 |     3 |    14 |     1 ||    24
         Potion            |       |       |     7 |     2 ||     9
   Stab: Sleeping          |       |     1 |     3 |       ||     4
         Held in net/web   |       |       |     1 |       ||     1
 Armour: Robe              |    61 |    33 |   180 |    35 ||   309
  Dodge: Dodged            |    38 |    36 |   232 |    42 ||   348
